cohdb
Replays
Latest Replays
All Replays
Popular Replays
Top Player Replays
Match Explorer
How It Works
Community
CoH3 Stats
Reddit
Sign in to upload your games and track your stats! →
Sign in with Steam
Match 43814528
Unlisted
Match 43814528
Overview
Messages
Build Orders
End
Royal Engineer Section
Construct Section Command Post
Dingo Light Scout Car
Selects Canadian Shock Battlegroup
Construct Platoon Command Post
Selects Attacking Spirit
Selects Canadian Shock Section
Humber Armored Car
Canadian Shock Section
Unlock M3 Stuart Light Tanks
M3 Stuart Light Tank
Selects Incendiary Munitions
M3 Stuart Light Tank
Canadian Shock Section
Light Vehicle Training
M3 Stuart Light Tank
Selects Pyrotechnics
Construct Company Command Post
Selects Demolition Engineering
Demolition Engineering
Crusader II Medium Tank
AI Takeover
Weebanori
达拉姆第一开矿者卡尔大理石
???
1234
B1t
SkyCurv
mr.Brookerr
Mr_Fox
0
0
Comments
sign in to comment!
No comments posted yet!